NCAA
BOSTON COLLEGE EAGLES @ ALABAMA CRIMSON TIDE
05/04/2028
 
TOP OF THE 1ST
Boston College Eagles batting - Pitching for Alabama Crimson Tide : RHP Norberto Romero
Pitching: RHP Norberto Romero
Batting: SHB Marvin MacGeoch 0-0: Called Strike
0-1: Ball
1-1: Ball
2-1: SINGLE (Line Drive, 89S)
Batting: RHB Stanley Wallace 0-0: Called Strike
0-1: Grounds into double play, 5-4-3 (Groundball, 5L)
Batting: SHB Ralph Alfonzo 0-0: Ball
1-0: Ball
2-0: Ball
3-0: Called Strike
3-1: Base on Balls
Batting: LHB Rafael Yan 0-0: Ball
1-0: Ball
2-0: Ball
3-0: Called Strike
3-1: Called Strike
3-2: Ground out U3 (Groundball, 3L)
Top of the 1st over - 0 run(s), 1 hit(s), 0 error(s), 1 left on base; Boston College 0 - Alabama 0
BOTTOM OF THE 1ST
Alabama Crimson Tide batting - Pitching for Boston College Eagles : RHP Tom Love
Pitching: RHP Tom Love
Batting: RHB Jason Carr 0-0: Called Strike
0-1: Ball
1-1: Ground out 6-3 (Groundball, 6)
Batting: SHB Bobby Riggs 0-0: Ball
1-0: Foul Ball, location: 2F
1-1: Ball
2-1: Foul Ball, location: 2F
2-2: Ground out U3 (Groundball, 3L)
Batting: LHB Steve Woods 0-0: Called Strike
0-1: Ball
1-1: Ball
2-1: Foul Ball, location: 2F
2-2: Ground out 1-3 (Groundball, 13)
Bottom of the 1st over - 0 run(s), 0 hit(s), 0 error(s), 0 left on base; Boston College 0 - Alabama 0
TOP OF THE 2ND
Boston College Eagles batting - Pitching for Alabama Crimson Tide : RHP Norberto Romero
Batting: RHB Ed Gómez 0-0: Called Strike
0-1: Fly out, F4 (Popup, 4MD)
Batting: RHB Armando Blanco 0-0: Ball
1-0: Ball
2-0: Foul Ball, location: 2F
2-1: Foul Ball, location: 2F
2-2: Ball
3-2: Strikes out swinging
Batting: SHB Dwight Hill 0-0: Ball
1-0: Foul Ball, location: 2F
1-1: Ball
2-1: Ball
3-1: Base on Balls
Batting: RHB Alan Mercado 0-0: Ball
1-0: Foul Ball, location: 2F
1-1: Fly out, F8 (Flyball, 8RM)
Top of the 2nd over - 0 run(s), 0 hit(s), 0 error(s), 1 left on base; Boston College 0 - Alabama 0
BOTTOM OF THE 2ND
Alabama Crimson Tide batting - Pitching for Boston College Eagles : RHP Tom Love
Batting: LHB Jorge Rivera 0-0: Ball
1-0: SINGLE (Flyball, 8RS)
Batting: LHB Steve Blankenship 0-0: Called Strike
0-1: Ball
1-1: 2-RUN HOME RUN (Flyball, 9D), Distance : 352 ft
Batting: SHB John Fullerton 0-0: Called Strike
0-1: Ball
1-1: Ball
2-1: Ball
3-1: Called Strike
3-2: Base on Balls
Batting: LHB Tom York 0-0: SINGLE (Line Drive, 89S)
John Fullerton to second
Runner from 2nd tries for 3rd, SAFE, throw made to third
Batting: RHB Alfredo Bernard 0-0: Ball
1-0: Ball
2-0: Ball
3-0: Called Strike
3-1: Swinging Strike
3-2: Base on Balls
Tom York to second
Batting: LHB Clarence Bowen 0-0: Ball
1-0: Fly out, F5 (Line Drive, 56)
Batting: RHB Jason Carr 0-0: Ball
1-0: Fly out, F8 (Flyball, 8LD)
Runner from 3rd tags up, SCORES, no throw
Batting: SHB Bobby Riggs 0-0: Called Strike
0-1: Called Strike
0-2: Fly out, F5 (Popup, 56S)
Bottom of the 2nd over - 3 run(s), 3 hit(s), 0 error(s), 2 left on base; Boston College 0 - Alabama 3
TOP OF THE 3RD
Boston College Eagles batting - Pitching for Alabama Crimson Tide : RHP Norberto Romero
Batting: SHB Walt Gómez 0-0: Foul Ball, location: 2F
0-1: Swinging Strike
0-2: Strikes out looking
Batting: SHB Marvin MacGeoch 0-0: Fly out, F8 (Flyball, 8RS)
Batting: RHB Stanley Wallace 0-0: Swinging Strike
0-1: Swinging Strike
0-2: Ground out 1-3 (Groundball, P)
Top of the 3rd over - 0 run(s), 0 hit(s), 0 error(s), 0 left on base; Boston College 0 - Alabama 3
BOTTOM OF THE 3RD
Alabama Crimson Tide batting - Pitching for Boston College Eagles : RHP Tom Love
Batting: LHB Steve Woods 0-0: SINGLE (Groundball, 5S) (infield hit)
Batting: LHB Jorge Rivera 0-0: Called Strike
0-1: Fly out, F9 (Flyball, 9)
Batting: LHB Steve Blankenship 0-0: Ball
1-0: Called Strike
1-1: Ball
2-1: Foul Ball, location: 2F
2-2: Strikes out looking
Batting: SHB John Fullerton 0-0: 2-RUN HOME RUN (Flyball, 9D), Distance : 344 ft
Batting: LHB Tom York 0-0: SINGLE (Groundball, 6D)
Batting: RHB Alfredo Bernard 0-0: Ball
1-0: Ball
2-0: Fly out, F9 (Flyball, 9LS)
Bottom of the 3rd over - 2 run(s), 3 hit(s), 0 error(s), 1 left on base; Boston College 0 - Alabama 5
TOP OF THE 4TH
Boston College Eagles batting - Pitching for Alabama Crimson Tide : RHP Norberto Romero
Batting: SHB Ralph Alfonzo 0-0: Ball
1-0: Called Strike
1-1: Called Strike
1-2: Strikes out swinging
Batting: LHB Rafael Yan 0-0: Called Strike
0-1: Swinging Strike
0-2: Ball
1-2: Ball
2-2: Strikes out swinging
Batting: RHB Ed Gómez 0-0: Swinging Strike
0-1: Ground out 5-3 (Groundball, 5)
Top of the 4th over - 0 run(s), 0 hit(s), 0 error(s), 0 left on base; Boston College 0 - Alabama 5
BOTTOM OF THE 4TH
Alabama Crimson Tide batting - Pitching for Boston College Eagles : RHP Tom Love
Batting: LHB Clarence Bowen 0-0: Swinging Strike
0-1: DOUBLE (Line Drive, 7LM)
Batting: RHB Jason Carr 0-0: 2-RUN HOME RUN (Flyball, 7D), Distance : 355 ft
Pitching: RHP Mike Heath
Batting: SHB Bobby Riggs 0-0: Ball
1-0: Ball
2-0: Called Strike
2-1: Called Strike
2-2: Strikes out swinging
Batting: LHB Steve Woods 0-0: Called Strike
0-1: Ball
1-1: Fly out, F7 (Flyball, 7)
Batting: LHB Jorge Rivera 0-0: Ball
1-0: SINGLE (Line Drive, 34)
Batting: LHB Steve Blankenship 0-0: Foul Ball, location: 2F
0-1: Ball
1-1: Called Strike
1-2: Strikes out looking
Bottom of the 4th over - 2 run(s), 3 hit(s), 0 error(s), 1 left on base; Boston College 0 - Alabama 7
TOP OF THE 5TH
Boston College Eagles batting - Pitching for Alabama Crimson Tide : RHP Norberto Romero
Batting: RHB Armando Blanco 0-0: Ball
1-0: DOUBLE (Flyball, 8RD)
Batting: SHB Dwight Hill 0-0: Foul Ball, location: 2F
0-1: Ball
1-1: 2-RUN HOME RUN (Flyball, 8RXD), Distance : 391 ft
Batting: RHB Alan Mercado 0-0: Called Strike
0-1: Ball
1-1: Fly out, F9 (Flyball, 89S)
Batting: SHB Walt Gómez 0-0: Ball
1-0: SINGLE (Groundball, 6MD)
Batting: SHB Marvin MacGeoch 0-0: Foul Ball, location: 2F
0-1: Ball
1-1: Ball
2-1: SINGLE (Groundball, 6MD)
Walt Gómez to second
Batting: RHB Stanley Wallace 0-0: Ball
1-0: Swinging Strike
1-1: Called Strike
1-2: Foul Ball, location: 2F
1-2: Ball
Passed Ball!
Walt Gómez to third
Marvin MacGeoch to second
2-2: Strikes out swinging
Batting: SHB Ralph Alfonzo 0-0: Called Strike
0-1: Called Strike
0-2: Ball
1-2: Strikes out swinging
Top of the 5th over - 2 run(s), 4 hit(s), 0 error(s), 2 left on base; Boston College 2 - Alabama 7
BOTTOM OF THE 5TH
Alabama Crimson Tide batting - Pitching for Boston College Eagles : RHP Mike Heath
Batting: SHB John Fullerton 0-0: Ground out 4-3 (Groundball, 34)
Batting: LHB Tom York 0-0: Called Strike
0-1: SINGLE (Groundball, 4D)
Batting: RHB Alfredo Bernard 0-0: Called Strike
Tom York is caught stealing 2nd base
0-1: Called Strike
0-2: Foul Ball, location: 2F
0-2: Ball
1-2: SINGLE (Line Drive, 89S)
Batting: LHB Clarence Bowen 0-0: Foul Ball, location: 2F
0-1: Ball
1-1: Ball
2-1: Ball
3-1: Base on Balls
Alfredo Bernard to second
Batting: RHB Jason Carr 0-0: Ball
1-0: Ball
2-0: Called Strike
2-1: Fly out, F8 (Flyball, 8RM)
Bottom of the 5th over - 0 run(s), 2 hit(s), 0 error(s), 2 left on base; Boston College 2 - Alabama 7
TOP OF THE 6TH
Boston College Eagles batting - Pitching for Alabama Crimson Tide : RHP Norberto Romero
Batting: LHB Rafael Yan 0-0: Foul Ball, location: 2F
0-1: Ball
1-1: Ball
2-1: Foul Ball, location: 2F
2-2: Single, Error in OF, E9, batter to second base
Pitching: RHP José Padilla
Batting: RHB Ed Gómez 0-0: Ball
1-0: Foul Ball, location: 2F
1-1: Called Strike
1-2: Ball
2-2: Foul Ball, location: 2F
2-2: Foul Ball, location: 2F
2-2: Ball
3-2: Foul Ball, location: 2F
3-2: Fly out, F7 (Flyball, 7)
Batting: RHB Armando Blanco 0-0: Called Strike
0-1: Called Strike
0-2: Foul Ball, location: 2F
0-2: Strikes out swinging, 2-3 out at first.
Batting: SHB Dwight Hill 0-0: Ball
1-0: Ball
2-0: Ball
3-0: Called Strike
3-1: Base on Balls
Batting: RHB Alan Mercado 0-0: Ball
1-0: Ball
2-0: Ball
3-0: Called Strike
3-1: Base on Balls
Rafael Yan to third
Dwight Hill to second
Batting: SHB Walt Gómez 0-0: Called Strike
0-1: Ball
1-1: Called Strike
1-2: Ground out 1-3 (Groundball, P)
Top of the 6th over - 0 run(s), 1 hit(s), 1 error(s), 3 left on base; Boston College 2 - Alabama 7
BOTTOM OF THE 6TH
Alabama Crimson Tide batting - Pitching for Boston College Eagles : RHP Mike Heath
Batting: SHB Bobby Riggs 0-0: Fly out, F8 (Flyball, 8RD)
Batting: LHB Steve Woods 0-0: Ball
1-0: Ball
2-0: Ball
3-0: Called Strike
3-1: Base on Balls
Batting: LHB Jorge Rivera 0-0: SINGLE (Groundball, 6D)
Steve Woods to second
Batting: LHB Steve Blankenship 0-0: Swinging Strike
0-1: Fly out, F8 (Flyball, 8RD)
Runner from 2nd tags up, SAFE at 3rd, no throw
Batting: SHB John Fullerton 0-0: Called Strike
0-1: Ball
1-1: Fielders Choice at 2nd, 4-6 (Groundball, 4)
Bottom of the 6th over - 0 run(s), 1 hit(s), 0 error(s), 1 left on base; Boston College 2 - Alabama 7
TOP OF THE 7TH
Boston College Eagles batting - Pitching for Alabama Crimson Tide : RHP José Padilla
Batting: SHB Marvin MacGeoch 0-0: Ball
1-0: Ball
2-0: Ball
3-0: Called Strike
3-1: Foul Ball, location: 2F
3-2: Foul Ball, location: 2F
3-2: Strikes out looking
Batting: RHB Stanley Wallace 0-0: Foul Ball, location: 2F
0-1: Ball
1-1: Called Strike
1-2: Fly out, F9 (Flyball, 89M)
Batting: SHB Ralph Alfonzo 0-0: Fly out, F7 (Flyball, 7LM)
Top of the 7th over - 0 run(s), 0 hit(s), 0 error(s), 0 left on base; Boston College 2 - Alabama 7
BOTTOM OF THE 7TH
Alabama Crimson Tide batting - Pitching for Boston College Eagles : RHP Mike Heath
Batting: LHB Tom York 0-0: Ground out 3-1 (Groundball, 34)
Batting: RHB Alfredo Bernard 0-0: Reached on error, E5 (Groundball, 5S)
Batting: LHB Clarence Bowen 0-0: Called Strike
0-1: Ball
1-1: Called Strike
1-2: Ball
2-2: Ball
3-2: Foul Ball, location: 2F
3-2: Foul Ball, location: 2F
3-2: Foul Ball, location: 2F
3-2: Strikes out swinging
Alfredo Bernard steals 2nd base
Batter strikes out.
Batting: RHB Jason Carr 0-0: Ball
1-0: Called Strike
1-1: Swinging Strike
1-2: Foul Ball, location: 2F
1-2: Ball
2-2: 2-RUN HOME RUN (Line Drive, 78XD), Distance : 392 ft
Batting: SHB Bobby Riggs 0-0: Ball
1-0: SINGLE (Flyball, 7S)
Batting: LHB Steve Woods 0-0: Ball
Throwing error on steal attempt, E2
Bobby Riggs to third
1-0: Ground out 4-3 (Groundball, 4M)
Bottom of the 7th over - 2 run(s), 2 hit(s), 2 error(s), 1 left on base; Boston College 2 - Alabama 9
TOP OF THE 8TH
Boston College Eagles batting - Pitching for Alabama Crimson Tide : RHP José Padilla
Batting: LHB Rafael Yan 0-0: Ball
1-0: Ball
2-0: Ball
3-0: Base on Balls
Batting: RHB Ed Gómez 0-0: Foul Ball, location: 2F
0-1: SINGLE (Line Drive, 9)
Rafael Yan to second
Batting: RHB Armando Blanco 0-0: Ball
1-0: Ball
2-0: Ball
3-0: Called Strike
3-1: Base on Balls
Rafael Yan to third
Ed Gómez to second
Batting: SHB Dwight Hill 0-0: Ball
1-0: Called Strike
1-1: DOUBLE (Line Drive, 89M)
Rafael Yan scores
Ed Gómez scores
Armando Blanco to third
Runner from 3rd tries for Home, SAFE, no throw
Pitching: LHP Jason Ramsey
Batting: RHB Alan Mercado 0-0: Called Strike
0-1: Ground out 4-3 (Groundball, 4)
Dwight Hill to third
Batting: SHB Walt Gómez 0-0: Foul Ball, location: 2F
0-1: Ball
1-1: Swinging Strike
1-2: Ball
2-2: Strikes out swinging
Batting: SHB Marvin MacGeoch 0-0: Ball
1-0: Swinging Strike
1-1: Ball
2-1: Foul Ball, location: 2F
2-2: Foul Ball, location: 2F
2-2: Ball
3-2: Strikes out swinging
Top of the 8th over - 3 run(s), 2 hit(s), 0 error(s), 1 left on base; Boston College 5 - Alabama 9
BOTTOM OF THE 8TH
Alabama Crimson Tide batting - Pitching for Boston College Eagles : RHP Mike Heath
Pitching: LHP Juan Cuestas
Batting: LHB Jorge Rivera 0-0: Called Strike
0-1: Ball
1-1: Swinging Strike
1-2: Strikes out swinging
Batting: LHB Steve Blankenship 0-0: Ball
1-0: Foul Ball, location: 2F
1-1: Ball
2-1: Fly out, F8 (Flyball, 8LM)
Batting: SHB John Fullerton 0-0: Called Strike
0-1: Called Strike
0-2: Ball
1-2: Strikes out looking
Bottom of the 8th over - 0 run(s), 0 hit(s), 0 error(s), 0 left on base; Boston College 5 - Alabama 9
TOP OF THE 9TH
Boston College Eagles batting - Pitching for Alabama Crimson Tide : LHP Jason Ramsey
Batting: RHB Stanley Wallace 0-0: Ball
1-0: Ball
2-0: Called Strike
2-1: Ball
3-1: Base on Balls
Batting: SHB Ralph Alfonzo 0-0: Ball
1-0: Grounds into double play, 6-4-3 (Groundball, 6)
Batting: LHB Rafael Yan 0-0: Ball
1-0: Foul Ball, location: 2F
1-1: Called Strike
1-2: Ball
2-2: Ball
3-2: Base on Balls
Batting: RHB Ed Gómez 0-0: Swinging Strike
0-1: Ball
1-1: Called Strike
1-2: Strikes out looking
Top of the 9th over - 0 run(s), 0 hit(s), 0 error(s), 1 left on base; Boston College 5 - Alabama 9
Tuesday, August 8th, 2017 - OOTP Baseball 17.12 Build 75